| TOP OF THE 1ST |
|
Phoenix Giants batting - Pitching for Hawaii Islanders : LHP Jeff Grose
|
|
Pitching: LHP Jeff Grose
|
|
|
Batting: LHB Gordon Hahn
|
0-0: Ball 1-0: Ball 2-0: Called Strike 2-1: Foul Ball, location: 2F 2-2: Strikes out swinging
|
|
Batting: LHB Glenn Arnett
|
0-0: Ball 1-0: Ball 2-0: Ball 3-0: Base on Balls
|
|
Batting: LHB Ernie Riles
|
0-0: Ball Glenn Arnett is caught stealing 2nd base 2-6 1-0: Ground out U3 (Groundball, 3S, EV 82.5 MPH)
|
| Top of the 1st over - 0 runs, 0 hits, 0 errors, 0 left on base; Phoenix 0 - Hawaii 0 |
| BOTTOM OF THE 1ST |
|
Hawaii Islanders batting - Pitching for Phoenix Giants : LHP Robert Blake
|
|
Pitching: LHP Robert Blake
|
|
|
Batting: LHB Leo Sutherland
|
0-0: Called Strike 0-1: Ball 1-1: Foul Ball, location: 2F 1-2: Ball 2-2: Foul Ball, location: 2F 2-2: Ball 3-2: SOLO HOME RUN (Flyball, 9LD, EV 87.5 MPH), Distance : 354 ft
|
|
Batting: LHB Creighton Tevlin
|
0-0: Called Strike 0-1: Ball 1-1: Ball 2-1: Foul Ball, location: 2F 2-2: Ball 3-2: Base on Balls
|
|
Batting: RHB Dave L Stapleton
|
0-0: Foul Ball, location: 2F 0-1: Ball 1-1: Called Strike 1-2: Strikes out swinging
|
|
Batting: LHB Dom Fucci
|
0-0: Called Strike 0-1: Ball 1-1: Called Strike 1-2: Ball 2-2: Ball 3-2: Foul Ball, location: 2F 3-2: Fly out, F8 (Flyball, 8LD, EV 102.5 MPH)
|
|
Batting: LHB Jerry Willard
|
0-0: Ball 1-0: Swinging Strike 1-1: Ball 2-1: Called Strike Creighton Tevlin steals 2nd base 2-2: Ball 3-2: Foul Ball, location: 2F 3-2: Foul Ball, location: 2F 3-2: Base on Balls
|
|
Batting: RHB Joe Strain
|
0-0: Ball 1-0: Fly out, F9 (Flyball, 9LS, EV 92.5 MPH)
|
| Bottom of the 1st over - 1 run, 1 hit, 0 errors, 2 left on base; Phoenix 0 - Hawaii 1 |
| TOP OF THE 2ND |
|
Phoenix Giants batting - Pitching for Hawaii Islanders : LHP Jeff Grose
|
|
Batting: SHB John Macauley
|
0-0: Ball 1-0: Called Strike 1-1: Called Strike 1-2: Ball 2-2: Foul Ball, location: 2F 2-2: Fly out, F3 (Popup, 23F, EV 83.8 MPH)
|
|
Batting: RHB Paul Zuvella
|
0-0: Ball 1-0: Ball 2-0: Foul Ball, location: 2F 2-1: Foul Ball, location: 2F 2-2: Ground out 4-3 (Groundball, 4, EV 103.8 MPH)
|
|
Batting: LHB Raymond Rivas
|
0-0: Ball 1-0: Ground out 3-1 (Groundball, 34S, EV 88.1 MPH)
|
| Top of the 2nd over - 0 runs, 0 hits, 0 errors, 0 left on base; Phoenix 0 - Hawaii 1 |
| BOTTOM OF THE 2ND |
|
Hawaii Islanders batting - Pitching for Phoenix Giants : LHP Robert Blake
|
|
Batting: LHB Joe DeSa
|
0-0: Ball 1-0: Called Strike 1-1: Ball 2-1: Ground out 4-3 (Groundball, 4S, EV 60.6 MPH)
|
|
Batting: RHB Rob Teegarden
|
0-0: Called Strike 0-1: Foul Ball, location: 2F 0-2: Ball 1-2: Ball 2-2: Foul Ball, location: 2F 2-2: Ball 3-2: Foul Ball, location: 2F 3-2: Base on Balls
|
|
Batting: SHB Danny Torres
|
0-0: Ball 1-0: Ball 2-0: Ball 3-0: Called Strike 3-1: Base on Balls Rob Teegarden to second
|
|
Batting: LHB Leo Sutherland
|
0-0: Ball 1-0: Fly out, F8 (Flyball, 8LM, EV 83.1 MPH)
|
|
Batting: LHB Creighton Tevlin
|
0-0: Called Strike 0-1: Foul Ball, location: 2F 0-2: Ball 1-2: Foul Ball, location: 2F 1-2: Ground out 4-3 (Groundball, 4, EV 85.0 MPH)
|
| Bottom of the 2nd over - 0 runs, 0 hits, 0 errors, 2 left on base; Phoenix 0 - Hawaii 1 |
| TOP OF THE 3RD |
|
Phoenix Giants batting - Pitching for Hawaii Islanders : LHP Jeff Grose
|
|
Batting: SHB Razor Shines
|
0-0: Foul Ball, location: 2F 0-1: Fly out, F9 (Flyball, 9S, EV 96.3 MPH)
|
|
Batting: LHB Joseph Bruno
|
0-0: Ground out 4-3 (Groundball, 4, EV 88.1 MPH)
|
|
Batting: LHB Frank Gill
|
0-0: Called Strike 0-1: Foul Ball, location: 2F 0-2: SINGLE (Groundball, 4MD, EV 98.1 MPH)
|
|
Batting: LHB Gordon Hahn
|
0-0: Ball 1-0: Foul Ball, location: 2F 1-1: Called Strike 1-2: Ball 2-2: Ball 3-2: Foul Ball, location: 2F 3-2: Ground out 5-3 (Groundball, 56S, EV 87.5 MPH)
|
| Top of the 3rd over - 0 runs, 1 hit, 0 errors, 1 left on base; Phoenix 0 - Hawaii 1 |
| BOTTOM OF THE 3RD |
|
Hawaii Islanders batting - Pitching for Phoenix Giants : LHP Robert Blake
|
|
Batting: RHB Dave L Stapleton
|
0-0: Ball 1-0: Foul Ball, location: 2F 1-1: Ball 2-1: Called Strike 2-2: Ball 3-2: Foul Ball, location: 2F 3-2: Base on Balls
|
|
Batting: LHB Dom Fucci
|
0-0: Called Strike 0-1: SINGLE (Line Drive, 78S, EV 105.6 MPH) Dave L Stapleton to second
|
|
Batting: LHB Jerry Willard
|
0-0: Ball 1-0: Foul Ball, location: 2F 1-1: Ball 2-1: Ball 3-1: Base on Balls Dave L Stapleton to third Dom Fucci to second
|
|
Batting: RHB Joe Strain
|
0-0: Ball 1-0: Ball 2-0: Swinging Strike 2-1: SINGLE (Line Drive, 8RM, EV 85.6 MPH) Dave L Stapleton scores Dom Fucci to third Jerry Willard to second
|
|
Batting: LHB Joe DeSa
|
0-0: Grounds into double play, 1-2-3 (Groundball, 13S, EV 70.0 MPH) Jerry Willard to third Joe Strain to second
|
|
Batting: RHB Rob Teegarden
|
0-0: Ball 1-0: Swinging Strike 1-1: Ball 2-1: Ball 3-1: Base on Balls
|
|
Batting: SHB Danny Torres
|
0-0: Foul Ball, location: 2F 0-1: Called Strike 0-2: Ball 1-2: SINGLE (Flyball, 89S, EV 100.0 MPH) Jerry Willard scores Joe Strain to third Rob Teegarden to second Runner from 3rd tries for Home, SAFE, throw by RF to home
|
|
Batting: LHB Leo Sutherland
|
0-0: Ball 1-0: Called Strike 1-1: Fly out, F9 (Flyball, 9, EV 77.5 MPH)
|
| Bottom of the 3rd over - 3 runs, 3 hits, 0 errors, 2 left on base; Phoenix 0 - Hawaii 4 |
| TOP OF THE 4TH |
|
Phoenix Giants batting - Pitching for Hawaii Islanders : LHP Jeff Grose
|
|
Batting: LHB Glenn Arnett
|
0-0: Called Strike 0-1: Ball 1-1: Swinging Strike 1-2: Ground out 5-3 (Groundball, 5L, EV 104.4 MPH)
|
|
Batting: LHB Ernie Riles
|
0-0: Called Strike 0-1: Fly out, F8 (Line Drive, 8RD, EV 91.3 MPH)
|
|
Batting: SHB John Macauley
|
0-0: Ball 1-0: Ball 2-0: Ball 3-0: Base on Balls
|
|
Batting: RHB Paul Zuvella
|
0-0: Ball 1-0: SINGLE (Flyball, 3D, EV 92.5 MPH) John Macauley to second Runner from 2nd tries for 3rd, SAFE, no throw by RF
|
|
Batting: LHB Raymond Rivas
|
0-0: DOUBLE (Line Drive, 89D, EV 108.1 MPH) John Macauley scores Paul Zuvella to third Runner from 3rd tries for Home, SAFE, no throw by CF
|
|
Batting: SHB Razor Shines
|
0-0: Foul Ball, location: 2F 0-1: Foul Ball, location: 2F 0-2: Ball 1-2: Strikes out swinging
|
| Top of the 4th over - 2 runs, 2 hits, 0 errors, 1 left on base; Phoenix 2 - Hawaii 4 |
| BOTTOM OF THE 4TH |
|
Hawaii Islanders batting - Pitching for Phoenix Giants : LHP Robert Blake
|
|
Batting: LHB Creighton Tevlin
|
0-0: SINGLE (Line Drive, 4D, EV 99.4 MPH)
|
|
Batting: RHB Dave L Stapleton
|
0-0: Ball 1-0: Called Strike 1-1: Ball 2-1: Fly out, F9 (Line Drive, 9, EV 92.5 MPH)
|
|
Batting: LHB Dom Fucci
|
0-0: Foul Ball, location: 2F 0-1: Ball 1-1: Ball 2-1: Called Strike 2-2: Foul Ball, location: 2F 2-2: Foul Ball, location: 2F 2-2: Fielders Choice at 2nd, 6-4 (Groundball, 6, EV 80.0 MPH)
|
|
Pitching: RHP Terry Cornutt
|
|
|
Batting: LHB Jerry Willard
|
0-0: Called Strike 0-1: Ball 1-1: Ball 2-1: Fly out, F9 (Flyball, 9, EV 77.5 MPH)
|
| Bottom of the 4th over - 0 runs, 1 hit, 0 errors, 1 left on base; Phoenix 2 - Hawaii 4 |
| TOP OF THE 5TH |
|
Phoenix Giants batting - Pitching for Hawaii Islanders : LHP Jeff Grose
|
|
Batting: LHB Joseph Bruno
|
0-0: Called Strike 0-1: Swinging Strike 0-2: Foul Ball, location: 2F 0-2: Foul Ball, location: 2F 0-2: Fly out, F7 (Flyball, 7, EV 75.6 MPH)
|
|
Batting: LHB Frank Gill
|
0-0: Fly out, F6 (Line Drive, 6, EV 65.0 MPH)
|
|
Batting: LHB Gordon Hahn
|
0-0: Called Strike 0-1: Ball 1-1: Fly out, F9 (Flyball, 89S, EV 85.0 MPH)
|
| Top of the 5th over - 0 runs, 0 hits, 0 errors, 0 left on base; Phoenix 2 - Hawaii 4 |
| BOTTOM OF THE 5TH |
|
Hawaii Islanders batting - Pitching for Phoenix Giants : RHP Terry Cornutt
|
|
Batting: RHB Joe Strain
|
0-0: Ball 1-0: Swinging Strike 1-1: SINGLE (Line Drive, 6MD, EV 95.0 MPH)
|
|
Batting: LHB Joe DeSa
|
0-0: Ball Joe Strain is caught stealing 2nd base 2-6 1-0: SINGLE (Groundball, 6MD, EV 110.0 MPH)
|
|
Batting: RHB Rob Teegarden
|
0-0: Ball 1-0: Ball 2-0: Ball 3-0: Called Strike 3-1: Foul Ball, location: 2F 3-2: Ground out 5-3 (Groundball, 56S, EV 67.5 MPH) Joe DeSa to second
|
|
Batting: SHB Danny Torres
|
0-0: Ball 1-0: Ground out U3 (Groundball, 34, EV 101.9 MPH)
|
| Bottom of the 5th over - 0 runs, 2 hits, 0 errors, 1 left on base; Phoenix 2 - Hawaii 4 |
| TOP OF THE 6TH |
|
Phoenix Giants batting - Pitching for Hawaii Islanders : LHP Jeff Grose
|
|
Batting: LHB Glenn Arnett
|
0-0: Ball 1-0: Ball 2-0: Ball 3-0: Base on Balls
|
|
Batting: LHB Ernie Riles
|
0-0: Ball 1-0: Ball 2-0: Ball 3-0: Called Strike 3-1: Base on Balls Glenn Arnett to second
|
|
Batting: SHB John Macauley
|
0-0: Called Strike 0-1: Ball 1-1: Ball 2-1: Ball 3-1: Base on Balls Glenn Arnett to third Ernie Riles to second
|
|
Batting: RHB Paul Zuvella
|
0-0: Called Strike 0-1: Ball 1-1: Foul Ball, location: 2F 1-2: Foul Ball, location: 2F 1-2: DOUBLE (Line Drive, 8RXD, EV 108.8 MPH) Glenn Arnett scores Ernie Riles scores John Macauley to third
|
|
Batting: LHB Raymond Rivas
|
0-0: Fly out, F7 (Line Drive, 7, EV 93.8 MPH)
|
|
Batting: SHB Razor Shines
|
0-0: Called Strike 0-1: Ball 1-1: SINGLE (Groundball, 5L, EV 96.9 MPH) John Macauley scores Paul Zuvella to third Runner from 3rd tries for Home, SAFE, throw by LF to home
|
|
Pitching: LHP Bill Latham
|
|
|
Batting: LHB Joseph Bruno
|
0-0: Swinging Strike 0-1: Foul Ball, location: 2F 0-2: Strikes out swinging
|
|
Batting: LHB Frank Gill
|
0-0: Foul Ball, location: 2F 0-1: Ball 1-1: Ball 2-1: Swinging Strike 2-2: Foul Ball, location: 2F 2-2: Strikes out swinging
|
| Top of the 6th over - 4 runs, 2 hits, 0 errors, 1 left on base; Phoenix 6 - Hawaii 4 |
| BOTTOM OF THE 6TH |
|
Hawaii Islanders batting - Pitching for Phoenix Giants : RHP Terry Cornutt
|
|
Batting: LHB Leo Sutherland
|
0-0: Ground out U3 (Groundball, 34, EV 85.6 MPH)
|
|
Batting: LHB Creighton Tevlin
|
0-0: Fly out, F7 (Flyball, 7LS, EV 90.0 MPH)
|
|
Batting: RHB Dave L Stapleton
|
0-0: Ball 1-0: Swinging Strike 1-1: Ball 2-1: SINGLE (Line Drive, 4D, EV 94.4 MPH)
|
|
Batting: LHB Dom Fucci
|
0-0: Called Strike 0-1: Ball 1-1: Ball 2-1: Ball 3-1: Foul Ball, location: 2F 3-2: Foul Ball, location: 2F 3-2: Fly out, F7 (Flyball, 78S, EV 88.8 MPH)
|
| Bottom of the 6th over - 0 runs, 1 hit, 0 errors, 1 left on base; Phoenix 6 - Hawaii 4 |
| TOP OF THE 7TH |
|
Phoenix Giants batting - Pitching for Hawaii Islanders : LHP Bill Latham
|
|
Batting: LHB Gordon Hahn
|
0-0: Ball 1-0: Ball 2-0: Called Strike 2-1: Foul Ball, location: 2F 2-2: Ground out 4-3 (Groundball, 4MD, EV 100.6 MPH)
|
|
Batting: LHB Glenn Arnett
|
0-0: Fly out, F8 (Flyball, 78S, EV 76.9 MPH)
|
|
Batting: LHB Ernie Riles
|
0-0: Ball 1-0: Swinging Strike 1-1: SINGLE (Groundball, 4M, EV 87.5 MPH) (infield hit)
|
|
Batting: SHB John Macauley
|
0-0: Foul Ball, location: 2F 0-1: Called Strike 0-2: Ball Ernie Riles is caught stealing 2nd base 2-4
|
| Top of the 7th over - 0 runs, 1 hit, 0 errors, 0 left on base; Phoenix 6 - Hawaii 4 |
| BOTTOM OF THE 7TH |
|
Hawaii Islanders batting - Pitching for Phoenix Giants : RHP Terry Cornutt
|
|
Batting: LHB Jerry Willard
|
0-0: Swinging Strike 0-1: Ball 1-1: Ground out 6-3 (Groundball, 6, EV 80.6 MPH)
|
|
Batting: RHB Joe Strain
|
0-0: Ball 1-0: Called Strike 1-1: Ball 2-1: Called Strike 2-2: SINGLE (Groundball, 6S, EV 63.8 MPH) (infield hit)
|
|
Batting: LHB Joe DeSa
|
0-0: Called Strike 0-1: Ball 1-1: Ball 2-1: Foul Ball, location: 2F 2-2: Foul Ball, location: 2F 2-2: DOUBLE (Line Drive, 7LM, EV 98.8 MPH) Joe Strain to third
|
|
Pinch Hitting: LHB Paul Tomini
|
0-0: Ball 1-0: Foul Ball, location: 2F 1-1: Ball 2-1: Foul Ball, location: 2F 2-2: Foul Ball, location: 2F 2-2: Foul Ball, location: 2F 2-2: Ball 3-2: Fly out, F2 (Popup, 2L, EV 94.4 MPH)
|
|
Batting: SHB Danny Torres
|
0-0: Called Strike 0-1: Ground out 4-3 (Groundball, 4, EV 77.5 MPH)
|
| Bottom of the 7th over - 0 runs, 2 hits, 0 errors, 2 left on base; Phoenix 6 - Hawaii 4 |
| TOP OF THE 8TH |
|
Phoenix Giants batting - Pitching for Hawaii Islanders : LHP Bill Latham
|
|
Now in CF: Jon Hansen
|
|
|
Batting: SHB John Macauley
|
0-0: Ball 1-0: Ball 2-0: Fly out, F3 (Popup, 23F, EV 83.8 MPH)
|
|
Batting: RHB Paul Zuvella
|
0-0: Ground out 5-3 (Groundball, 5S, EV 69.4 MPH)
|
|
Batting: LHB Raymond Rivas
|
0-0: Called Strike 0-1: Ground out 5-3 (Groundball, 56, EV 90.0 MPH)
|
| Top of the 8th over - 0 runs, 0 hits, 0 errors, 0 left on base; Phoenix 6 - Hawaii 4 |
| BOTTOM OF THE 8TH |
|
Hawaii Islanders batting - Pitching for Phoenix Giants : RHP Terry Cornutt
|
|
Now at 1B: Adam Veldman
|
|
|
Batting: LHB Leo Sutherland
|
0-0: Foul Ball, location: 2F 0-1: Ball 1-1: Called Strike 1-2: Ground out 3-1 (Groundball, 34, EV 107.5 MPH)
|
|
Batting: LHB Creighton Tevlin
|
0-0: Foul Ball, location: 2F 0-1: Ball 1-1: Ball 2-1: Foul Ball, location: 2F 2-2: SINGLE (Groundball, 34D, EV 98.1 MPH)
|
|
Pitching: RHP Pete Ladd
|
|
|
Batting: RHB Dave L Stapleton
|
0-0: Called Strike 0-1: Ball 1-1: Ball 2-1: Ball 3-1: Foul Ball, location: 2F 3-2: Foul Ball, location: 2F 3-2: Fly out, F8 (Flyball, 8RD, EV 90.6 MPH)
|
|
Batting: LHB Dom Fucci
|
0-0: Called Strike 0-1: Ball 1-1: Ground out 4-3 (Groundball, 4, EV 86.3 MPH)
|
| Bottom of the 8th over - 0 runs, 1 hit, 0 errors, 1 left on base; Phoenix 6 - Hawaii 4 |
| TOP OF THE 9TH |
|
Phoenix Giants batting - Pitching for Hawaii Islanders : LHP Bill Latham
|
|
Pitching: RHP Roger Weaver
|
|
|
Batting: SHB Razor Shines
|
0-0: Ball 1-0: Fly out, F7 (Flyball, 7LM, EV 80.6 MPH)
|
|
Batting: LHB Joseph Bruno
|
0-0: Ball 1-0: Ball 2-0: Ball 3-0: Base on Balls
|
|
Batting: LHB Frank Gill
|
0-0: Ground out 4-3 (Groundball, 34, EV 99.4 MPH) Joseph Bruno to second
|
|
Batting: LHB Gordon Hahn
|
0-0: Called Strike 0-1: Ball 1-1: Ball Joseph Bruno steals 3rd base 2-1: Foul Ball, location: 2F 2-2: Ball 3-2: Foul Ball, location: 2F 3-2: Foul Ball, location: 2F 3-2: Base on Balls
|
|
Batting: LHB Glenn Arnett
|
0-0: Ball 1-0: Ball 2-0: Ball 3-0: Base on Balls Gordon Hahn to second
|
|
Batting: LHB Ernie Riles
|
0-0: Ball 1-0: Ball 2-0: Swinging Strike 2-1: Foul Ball, location: 2F 2-2: Foul Ball, location: 2F 2-2: Foul Ball, location: 2F 2-2: TRIPLE (Flyball, 89XD, EV 110.0 MPH) Joseph Bruno scores Gordon Hahn scores Glenn Arnett scores
|
|
Batting: SHB John Macauley
|
0-0: Foul Ball, location: 2F 0-1: Foul Ball, location: 2F 0-2: Ball 1-2: Ball 2-2: Ball 3-2: Reached on error, E4 (Groundball, 4, EV 86.9 MPH) Ernie Riles scores
|
|
Batting: RHB Paul Zuvella
|
0-0: Ball 1-0: Fly out, F7 (Flyball, 78M, EV 79.4 MPH)
|
| Top of the 9th over - 4 runs, 1 hit, 1 error, 1 left on base; Phoenix 10 - Hawaii 4 |
| BOTTOM OF THE 9TH |
|
Hawaii Islanders batting - Pitching for Phoenix Giants : RHP Pete Ladd
|
|
Batting: LHB Jerry Willard
|
0-0: Swinging Strike 0-1: Fly out, F6 (Popup, 6, EV 65.6 MPH)
|
|
Batting: RHB Joe Strain
|
0-0: Called Strike 0-1: Ball 1-1: Swinging Strike 1-2: Ball 2-2: Ball 3-2: Base on Balls
|
|
Batting: LHB Joe DeSa
|
0-0: Called Strike 0-1: Called Strike 0-2: Foul Ball, location: 2F 0-2: DOUBLE (Line Drive, 3D, EV 100.6 MPH) Joe Strain to third
|
|
Batting: RHB Jon Hansen
|
0-0: Called Strike 0-1: Foul Ball, location: 2F 0-2: Strikes out swinging
|
|
Batting: SHB Danny Torres
|
0-0: Ground out 6-3 (Groundball, 6, EV 84.4 MPH)
|
| Bottom of the 9th over - 0 runs, 1 hit, 0 errors, 2 left on base; Phoenix 10 - Hawaii 4 |
|